 Dungeon Crawl Stone Soup version 0.29.0-4-gdea44cf6ec (webtiles) character file.

Game seed: 16008882000328055149

128157 qw the Severer (level 17, -4/108 HPs)
             Began as a Gargoyle Fighter on Sept 10, 2022.
             Was a High Priest of Okawaru.
             Slain by a snapping turtle (11 damage)
             ... on level 1 of the Shoals.
             The game lasted 00:11:50 (26956 turns).

qw the Severer (Gargoyle Fighter)                  Turns: 26956, Time: 00:11:50

Health: -4/108     AC: 63    Str: 25    XL:     17   Next: 2%
Magic:  24/24      EV:  7    Int: 10    God:    Okawaru [*****.]
Gold:   437        SH: 24    Dex: 11    Spells: 16/16 levels left

rFire   + + .      SeeInvis .   H - +5 broad axe (freeze)
rCold   + + +      Faith    .   F - +0 tower shield
rNeg    + . .      Spirit   .   c - +5 crystal plate armour of the Ditch-Digger {Drain rPois rF++ Regen+}
rPois   inf        Reflect  +   h - +2 helmet
rElec   +          Harm     .   r - +2 cloak {rPois}
rCorr   .          Rampage  .   m - +3 pair of gauntlets of War {Slay+5}
Will    +....                   x - +2 pair of boots "Zuro" {+Inv rC+++ Str-2 Dex+2}
Stlth   ..........              y - amulet of reflection
HPRegen 1.08/turn               A - +4 ring of protection
MPRegen 0.19/turn               D - +4 ring of slaying {mikee}

@: about to teleport, heroic, flying, mesmerised
A: sickness immunity, AC +12, big wings, negative energy resistance 1,
electricity resistance, torment resistance 1, petrification resistance
a: Renounce Religion, Evoke Invisibility, Heroism, Finesse, Duel


You were on level 1 of the Shoals.
You worshipped Okawaru.
Okawaru was extremely pleased with you.
You visited 5 branches of the dungeon, and saw 24 of its levels.

You collected 2643 gold pieces.
You spent 2206 gold pieces at shops.


Innate Abilities, Weirdness & Mutations

You are immune to sickness and miasma.
Your stone body is resilient. (AC +12)
You are immune to poison.
Your large and strong wings let you fly.
You resist negative energy. (rN+)
You are resistant to electric shocks. (rElec)
You are resistant to unholy torment.
You are immune to petrification.


   Skills:
 - Level 13.0(18.0) Fighting
 - Level 17.8(22.8) Axes
 - Level 7.0(12.0) Throwing
 - Level 13.1(18.1) Armour
 - Level 3.3(8.3) Dodging
 + Level 13.1(18.1) Shields
 - Level 10.1 Invocations


You had 16 spell levels left.
You didn't know any spells.
Your spell library was empty.

Inventory:

Hand Weapons
 n - a +2 morningstar of protection
 H - a +5 broad axe of freezing (weapon)
Missiles
 g - a silver boomerang
 s - 7 boomerangs
 v - 9 javelins
 B - 4 silver javelins (quivered)
Armour
 c - the +5 crystal plate armour of the Ditch-Digger (worn) {Drain rPois rF++ Regen+}
   (You acquired it on level 14 of the Dungeon)

   rF:        It greatly protects you from fire.
   rPois:     It protects you from poison.
   Regen:     It increases your rate of health regeneration.
   Drain:     It drains your maximum health when unequipped.
 h - a +2 helmet (worn)
 m - the +3 pair of gauntlets of War (worn) {Slay+5}
   (You bought it in a shop on level 2 of the Orcish Mines)

   Slay:      It affects your accuracy & damage with ranged weapons and melee
   (+5).
 r - a +2 cloak of poison resistance (worn)
 x - the +2 pair of boots "Zuro" (worn) {+Inv rC+++ Str-2 Dex+2}
   (You found it on level 5 of the Lair of Beasts)

   Str:       It affects your strength (-2).
   Dex:       It affects your dexterity (+2).
   rC:        It renders you almost immune to cold.
   +Inv:      It lets you turn invisible.
 F - a +0 tower shield (worn)
Jewellery
 q - a ring of fire
 y - an amulet of reflection (around neck)
 A - a +4 ring of protection (left hand)
 D - a +4 ring of slaying (right hand) {mikee}
 Y - a ring of protection from fire
Wands
 k - a wand of digging (14)
Scrolls
 a - 12 scrolls of identify
 b - a scroll of fog
 C - 2 scrolls of blinking
 G - 4 scrolls of enchant armour
Potions
 d - 12 potions of might
 e - 3 potions of heal wounds
 i - 8 potions of attraction
 j - 3 potions of magic
 l - 2 potions of cancellation
 o - 12 potions of curing
 p - 6 potions of haste
 t - a potion of mutation
 w - 2 potions of lignification
 z - a potion of resistance

Dungeon Overview and Level Annotations

Branches:
Dungeon (15/15)            Temple (1/1) D:6            Lair (5/5) D:8
 Shoals (1/4) Lair:2        Snake (0/4) Lair:3        Slime (0/5) Lair:4
    Orc (2/2) D:12            Elf (0/3) Orc:2        Vaults (0/5) D:14
 Depths (0/4) D:15

Altars:
Ashenzari
Cheibriados
Dithmenos
Elyvilon
Fedhas
Gozag
Hepliaklqana
Kikubaaqudgha
Makhleb
Nemelex Xobeh
Okawaru
Qazlal
Ru
Sif Muna
Trog
Uskayaw
Vehumet
Wu Jian
Xom
Yredelemnul
Zin
The Shining One
Jiyva

Shops:
D:8 *   D:15 [   Orc:2 :=![

Annotations:
D:2 1 runed translucent door, Crazy Yiuf
D:9 3 runed translucent doors, qw's ghost, novice GrFi
Lair:2 1 runed translucent door, qw's ghost, journeyman MiBe


Message History

The snapping turtle barely misses you. The sea snake barely misses you.
The merfolk siren chants its luring song.
You slash the manticore! You freeze the manticore.
You kill the manticore!
Okawaru accepts your kill.
You barely miss the sea snake. You block the merfolk's attack. x2
The snapping turtle bites you but does no damage.
You block the snapping turtle's attack. x2
You slice the sea snake!!
The sea snake seems to slow down.
You freeze the sea snake.
The sea snake is heavily wounded.
The merfolk siren chants its luring song.
You block the sea snake's attack. You block the merfolk's attack. x2
The snapping turtle bites you but does no damage.
You barely miss the sea snake.
The sea snake is heavily wounded.
You feel your willpower return. You block the snapping turtle's attack.
The snapping turtle bites you from afar.
The merfolk siren chants its luring song.
You block the merfolk's attack. The sea snake bites you.
The merfolk hits you but does no damage.
You slash the sea snake!
The sea snake seems to slow down.
You freeze the sea snake.
The sea snake is severely wounded.
You block the snapping turtle's attack.
The snapping turtle bites you but does no damage.
The snapping turtle bites you from afar!
The merfolk siren chants its luring song.
The merfolk hits you but does no damage.
26956 ||| READING scroll of teleportation.
As you read the scroll of teleportation, it crumbles to dust.
You feel strangely unstable.
The merfolk hits you from afar with a +0 trident!
The sea snake bites you but does no damage.
You block the snapping turtle's attack.
The snapping turtle bites you from afar.
The snapping turtle bites you from afar!
You die...

..##... ~..... ....~~..~
....## #...~~~~~ .....#
..~~~... ~...## #.~~}.#
~....# ##~...# .....#
#..t.m## .....##
#..m)S)### ..%%..#
#.m%@)..## ..##..##
###)%~tP.## ..###..###
#.~t%...## ...#.....###
#.~%~~...# ...........##
##.~P~~~P..
~~...~~.....## #.P~~~~..#
~~..~~~~.....###.~~~~~.##
~~~.~~~~..P......PP~P~~..
~~~~~~~~..P~...~P~~~..~~~


You could see a sea snake (slow), 3 snapping turtles, 2 merfolk and a merfolk
siren (mesmerising).

Vanquished Creatures
  An acid blob (Lair:5)
  A sphinx (D:15)
  2 tengu reavers (D:15)
  Frances (D:12)
  Kirke (Lair:5)
  Louise (D:15)
  2 quicksilver oozes (Lair:5)
  Josephine (D:10)
  An ettin (D:15)
  2 yaktaur captains (D:15)
  A merfolk impaler (Shoals:1)
  5 boulder beetles
  11 hydras
  2 rakshasas
  A merfolk avatar (Shoals:1)
  14 centaur warriors
  3 catoblepae
  3 two-headed ogres
  A tengu warrior (D:15)
  2 dancing weapons (D:14)
  8 death yaks
  A hell knight (D:15)
  Sonja (Lair:3)
  Amaemon (Lair:1)
  A sun demon (D:12)
  9 skeletal warriors
  3 sea snakes (Shoals:1)
  A deep troll (D:15)
  A glowing orange brain (D:15)
  A flayed ghost (D:15)
  Pikel (D:8)
  3 deep elf pyromancers (D:15)
  2 phantasmal warriors (D:15)
  3 lindwurms (Lair:4)
  7 orc knights
  7 harpies (Shoals:1)
  7 manticores
  2 wolf spiders
  A manticore (shapeshifter) (D:13)
  A faun (Shoals:1)
  2 orc sorcerers
  10 ugly things
  9 cyclopes
  A rust devil (D:12)
  10 black mambas
  Maurice (D:10)
  18 elephants
  A guardian serpent (Lair:5)
  19 cane toads
  A torpor snail (Lair:5)
  2 gargoyles
  An orange demon (Lair:1)
  3 rime drakes
  An efreet (D:15)
  2 kobold demonologists
  A freezing wraith (D:15)
  7 komodo dragons
  A red devil (D:12)
  6 tengu conjurers
  A meliai (shapeshifter) (D:15)
  A troll (shapeshifter) (D:15)
  A meliai (D:15)
  2 trolls
  A tarantella (D:15)
  5 hornets
  A polar bear (Lair:3)
  3 merfolk (Shoals:1)
  A snapping turtle (Shoals:1)
  5 blink frogs (Lair:3)
  15 slime creatures
  A jumping spider (shapeshifter) (D:15)
  4 wraiths
  A shadow (D:11)
  15 wyverns
  3 water elementals
  3 redbacks
  31 yaks
  A vampire mosquito (D:15)
  4 basilisks
  A neqoxec (D:12)
  3 hogs (Lair:5)
  Menkaure (D:6)
  A steam dragon (D:8)
  6 wargs
  A two-headed ogre zombie (D:12)
  An acid dragon (D:12)
  An ice beast (D:6)
  43 orc warriors
  28 water moccasins
  2 black bears
  3 sky beasts
  3 ogres (Orc:1)
  4 wolves (Lair:2)
  6 centaurs
  4 lemures (D:8)
  3 phantoms
  A kobold brigand (D:6)
  13 bullfrogs
  A gnoll sergeant (D:8)
  3 scorpions
  11 wights
  10 killer bees
  12 electric eels
  5 howler monkeys
  3 lava snakes (Lair:2)
  5 quasits (D:12)
  2 hounds
  17 jellies
  13 orc priests
  4 iguanas
  25 orc wizards
  7 ogre zombies (D:12)
  Robin (D:2)
  9 gnolls
  9 adders
  5 white imps
  2 ufetubi (D:5)
  3 worms
  5 dart slugs
  105 orcs
  6 ball pythons
  8 endoplasms
  3 giant cockroaches
  25 goblins
  13 hobgoblins
  13 jackals
  2 quokkas
  2 bats
  A frilled lizard (D:3)
  A goblin skeleton (D:12)
  3 goblin zombies (D:12)
  5 hobgoblin zombies (D:12)
  9 kobolds
  3 orc skeletons (D:12)
  13 orc zombies (D:12)
  2 rats (D:1)
803 creatures vanquished.

Vanquished Creatures (others)
  A deep elf pyromancer (D:15)
  20 demonic plants (D:12)
  32 fungi
  64 plants
117 creatures vanquished.

Grand Total: 920 creatures vanquished

Notes
Turn   | Place    | Note
-------+----------+-------------------------------------------
     0 | D:1      | qw the Gargoyle Fighter began the quest for the Orb.
     0 | D:1      | Reached XP level 1. HP: 14/14 MP: 1/1
     0 | D:1      | 0 ||| qw: Version: 0.1-a-116-g5d60599
     0 | D:1      | 0 ||| qw: Game counter: 7556
     0 | D:1      | 0 ||| qw: Always use a shield: true
     0 | D:1      | 0 ||| qw: God list: Okawaru
     0 | D:1      | 0 ||| qw: Allow faded altars: false
     0 | D:1      | 0 ||| qw: Do Orc after D:15 true
     0 | D:1      | 0 ||| qw: Do second Lair branch before Depths: true
     0 | D:1      | 0 ||| qw: Lair rune preference: random
     0 | D:1      | 0 ||| qw: Plans: Normal, Zot, God:TSO, Crypt, Tomb, Zig,
                  | Orb
     0 | D:1      | 0 ||| PLANNING D:1-11
   136 | D:1      | Found a faded altar of an unknown god.
   221 | D:1      | Reached skill level 2 in Axes
   327 | D:1      | Reached XP level 2. HP: 15/19 MP: 2/2
   735 | D:1      | 735 ||| UPGRADING to +0 pair of gloves.
   740 | D:1      | 740 ||| READING 3 scrolls labelled BUACOPTAQ.
   741 | D:1      | 741 ||| READING scroll labelled ANYASKIOCEI.
   742 | D:1      | 742 ||| READING 2 scrolls of identify.
   742 | D:1      | 742 ||| IDENTIFYING bubbling cyan potion
   743 | D:1      | 743 ||| DROPPING potion of invisibility.
   867 | D:2      | Reached skill level 3 in Axes
   916 | D:2      | 916 ||| Stepping ~*~*~tactically~*~*~ (stealth).
   919 | D:2      | 919 ||| Stepping ~*~*~tactically~*~*~ (stealth).
   922 | D:2      | Reached XP level 3. HP: 23/23 MP: 3/3
   928 | D:2      | Noticed Robin
   929 | D:2      | 929 ||| Stepping ~*~*~tactically~*~*~ (stealth).
   930 | D:2      | 930 ||| Stepping ~*~*~tactically~*~*~ (stealth).
   937 | D:2      | Killed Robin
  1202 | D:2      | 1202 ||| Stepping ~*~*~tactically~*~*~ (stealth).
  1307 | D:2      | Reached XP level 4. HP: 26/28 MP: 4/4
  1340 | D:2      | Found a white marble altar of Elyvilon.
  1415 | D:2      | 1415 ||| Stepping ~*~*~tactically~*~*~ (stealth).
  1423 | D:2      | Reached skill level 4 in Axes
  1548 | D:2      | 1548 ||| Stepping ~*~*~tactically~*~*~ (stealth).
  1612 | D:2      | Found a runed translucent door.
  1613 | D:2      | Noticed Crazy Yiuf
  1895 | D:2      | 1895 ||| UPGRADING to +0 helmet.
  1900 | D:2      | 1900 ||| DROPPING amulet of magic regeneration.
  1901 | D:2      | 1901 ||| READING scroll labelled YKHIGO PUAL.
  1902 | D:2      | 1902 ||| READING scroll labelled GAWYIL YCEGEPH.
  1903 | D:2      | 1903 ||| DRINKING 2 sapphire potions.
  1904 | D:2      | 1904 ||| READING 3 scrolls of identify.
  1904 | D:2      | 1904 ||| IDENTIFYING fizzy coppery potion
  1905 | D:2      | 1905 ||| DROPPING potion of brilliance.
  1970 | D:3      | 1970 ||| Stepping ~*~*~tactically~*~*~ (stealth).
  1971 | D:3      | 1971 ||| Stepping ~*~*~tactically~*~*~ (hiding).
  1972 | D:3      | 1972 ||| FLEEEEING.
  1973 | D:3      | 1973 ||| FLEEEEING.
  1974 | D:3      | 1974 ||| FLEEEEING.
  1975 | D:3      | 1975 ||| FLEEEEING.
  1976 | D:3      | 1976 ||| FLEEEEING.
  1977 | D:3      | 1977 ||| FLEEEEING.
  1978 | D:3      | 1978 ||| FLEEEEING.
  1979 | D:3      | 1979 ||| FLEEEEING.
  1980 | D:3      | 1980 ||| FLEEEEING.
  1981 | D:3      | 1981 ||| FLEEEEING.
  1982 | D:3      | 1982 ||| FLEEEEING.
  1983 | D:3      | 1983 ||| FLEEEEING.
  1984 | D:3      | 1984 ||| FLEEEEING.
  1986 | D:3      | 1986 ||| FLEEEEING.
  1987 | D:3      | 1987 ||| FLEEEEING.
  1988 | D:3      | 1988 ||| FLEEEEING.
  1989 | D:3      | 1989 ||| FLEEEEING.
  1990 | D:3      | 1990 ||| FLEEEEING.
  1991 | D:3      | 1991 ||| STAIRDANCE
  2100 | D:3      | 2100 ||| STAIRDANCE
  2186 | D:3      | 2186 ||| STAIRDANCE
  2298 | D:3      | 2298 ||| FLEEEEING.
  2299 | D:3      | 2299 ||| STAIRDANCE
  2378 | D:3      | 2378 ||| STAIRDANCE
  2395 | D:2      | Reached XP level 5. HP: 21/32 MP: 5/5
  2558 | D:3      | 2558 ||| Stepping ~*~*~tactically~*~*~ (stealth).
  2586 | D:3      | 2586 ||| Stepping ~*~*~tactically~*~*~ (stealth).
  2587 | D:3      | 2587 ||| Stepping ~*~*~tactically~*~*~ (stealth).
  2588 | D:3      | 2588 ||| Stepping ~*~*~tactically~*~*~ (stealth).
  2589 | D:3      | 2589 ||| Stepping ~*~*~tactically~*~*~ (stealth).
  2590 | D:3      | 2590 ||| Stepping ~*~*~tactically~*~*~ (stealth).
  2591 | D:3      | 2591 ||| Stepping ~*~*~tactically~*~*~ (stealth).
  2692 | D:3      | 2692 ||| Stepping ~*~*~tactically~*~*~ (stealth).
  2695 | D:3      | 2695 ||| Stepping ~*~*~tactically~*~*~ (stealth).
  2842 | D:3      | 2842 ||| DROPPING +0 club.
  2852 | D:3      | Noticed a water elemental
  2854 | D:3      | Found a stormy altar of Qazlal.
  2971 | D:3      | Noticed an air elemental
  2980 | D:3      | Noticed a fire elemental
  3246 | D:3      | 3246 ||| READING scroll labelled TYJYRA XIGH.
  3247 | D:3      | 3247 ||| READING scroll labelled TOETWE AFRUKK.
  3248 | D:3      | 3248 ||| READING scroll labelled MAREFF JORUXU.
  3248 | D:3      | Identified a scroll of acquirement
  3248 | D:3      | 3248 ||| ACQUIRING +1 plate armour "Diomeser" {Rampage rF-
                  | rN+ Will++}
  3248 | D:3      | Acquired the +1 plate armour "Diomeser" {Rampage rF- rN+
                  | Will++}
  3250 | D:3      | 3250 ||| UPGRADING to +1 plate armour "Diomeser" {Rampage
                  | rF- rN+ Will++}.
  3260 | D:3      | 3260 ||| DROPPING +0 scale mail.
  3261 | D:3      | 3261 ||| READING 2 scrolls of identify.
  3261 | D:3      | 3261 ||| IDENTIFYING fuming brown potion
  3262 | D:3      | 3262 ||| DROPPING potion of magic.
  3274 | D:4      | 3274 ||| Stepping ~*~*~tactically~*~*~ (stealth).
  3288 | D:4      | Reached skill level 5 in Axes
  3398 | D:4      | 3398 ||| Stepping ~*~*~tactically~*~*~ (hiding).
  3460 | D:4      | 3460 ||| DROPPING +0 mace.
  3503 | D:4      | 3503 ||| Stepping ~*~*~tactically~*~*~ (stealth).
  3514 | D:4      | 3514 ||| Stepping ~*~*~tactically~*~*~ (stealth).
  3517 | D:4      | 3517 ||| Stepping ~*~*~tactically~*~*~ (stealth).
  3533 | D:4      | 3533 ||| Stepping ~*~*~tactically~*~*~ (stealth).
  3534 | D:4      | 3534 ||| Stepping ~*~*~tactically~*~*~ (stealth).
  3647 | D:4      | 3647 ||| Stepping ~*~*~tactically~*~*~ (stealth).
  3651 | D:4      | 3651 ||| Stepping ~*~*~tactically~*~*~ (stealth).
  3655 | D:4      | 3655 ||| Stepping ~*~*~tactically~*~*~ (stealth).
  3656 | D:4      | 3656 ||| Stepping ~*~*~tactically~*~*~ (stealth).
  3660 | D:4      | 3660 ||| Stepping ~*~*~tactically~*~*~ (stealth).
  3882 | D:4      | Found a white marble altar of Elyvilon.
  3923 | D:4      | 3923 ||| Stepping ~*~*~tactically~*~*~ (stealth).
  3933 | D:4      | 3933 ||| Stepping ~*~*~tactically~*~*~ (stealth).
  3941 | D:4      | Reached XP level 6. HP: 30/38 MP: 6/6
  4112 | D:4      | 4112 ||| Stepping ~*~*~tactically~*~*~ (hiding).
  4446 | D:4      | 4446 ||| DROPPING +0 leather armour of poison resistance.
  4447 | D:4      | 4447 ||| UPGRADING to +0 pair of boots.
  4452 | D:4      | 4452 ||| UPGRADING to ring of resist corrosion.
  4453 | D:4      | 4453 ||| UPGRADING to ring of protection from fire.
  4454 | D:4      | 4454 ||| READING scroll labelled ZECHONNA CUIPN.
  4459 | D:4      | 4459 ||| READING scroll labelled OMIOQI FULI.
  4460 | D:4      | 4460 ||| READING scroll labelled WASTUA JOCHYST.
  4461 | D:4      | 4461 ||| READING 2 scrolls of identify.
  4461 | D:4      | 4461 ||| IDENTIFYING brown potion
  4477 | D:5      | Entered Level 5 of the Dungeon
  4705 | D:5      | Reached skill level 6 in Axes
  4763 | D:5      | 4763 ||| Stepping ~*~*~tactically~*~*~ (stealth).
  4786 | D:5      | 4786 ||| READING scroll of enchant armour.
  4786 | D:5      | 4786 ||| ENCHANTING +0 pair of gloves.
  4874 | D:5      | Reached XP level 7. HP: 22/43 MP: 7/7
  5092 | D:5      | 5092 ||| Stepping ~*~*~tactically~*~*~ (stealth).
  5094 | D:5      | 5094 ||| Stepping ~*~*~tactically~*~*~ (stealth).
  5229 | D:5      | 5229 ||| Stepping ~*~*~tactically~*~*~ (stealth).
  5230 | D:5      | 5230 ||| Stepping ~*~*~tactically~*~*~ (stealth).
  5243 | D:5      | 5243 ||| Stepping ~*~*~tactically~*~*~ (stealth).
  5244 | D:5      | 5244 ||| Stepping ~*~*~tactically~*~*~ (stealth).
  5286 | D:5      | 5286 ||| FLEEEEING.
  5287 | D:5      | 5287 ||| FLEEEEING.
  5288 | D:5      | 5288 ||| FLEEEEING.
  5289 | D:5      | 5289 ||| FLEEEEING.
  5290 | D:5      | 5290 ||| FLEEEEING.
  5291 | D:5      | 5291 ||| FLEEEEING.
  5292 | D:5      | 5292 ||| STAIRDANCE
  5347 | D:4      | 5347 ||| READING scroll labelled VIVUTA BOALL.
  5348 | D:4      | 5348 ||| READING 2 scrolls of identify.
  5348 | D:4      | 5348 ||| IDENTIFYING puce potion
  5349 | D:4      | 5349 ||| DROPPING potion of ambrosia.
  5535 | D:5      | 5535 ||| Stepping ~*~*~tactically~*~*~ (hiding).
  5865 | D:5      | 5865 ||| READING 3 scrolls of identify.
  5865 | D:5      | 5865 ||| IDENTIFYING glowing emerald potion
  5885 | D:6      | 5885 ||| STAIRDANCE
  5890 | D:6      | Noticed Menkaure
  5891 | D:6      | 5891 ||| STAIRDANCE
  5897 | D:5      | Reached skill level 7 in Axes
  5924 | D:6      | 5924 ||| STAIRDANCE
  5993 | D:6      | 5993 ||| STAIRDANCE
  6027 | D:6      | Killed Menkaure
  6028 | D:6      | Reached XP level 8. HP: 18/49 MP: 8/8
  6112 | D:6      | 6112 ||| FLEEEEING.
  6113 | D:6      | 6113 ||| STAIRDANCE
  6225 | D:6      | Reached skill level 1 in Dodging
  6263 | D:6      | Found a staircase to the Ecumenical Temple.
  6289 | D:6      | Reached skill level 8 in Axes
  6310 | D:6      | 6310 ||| Stepping ~*~*~tactically~*~*~ (stealth).
  6313 | D:6      | 6313 ||| Stepping ~*~*~tactically~*~*~ (stealth).
  6519 | D:6      | 6519 ||| PLANNING TEMPLE
  6527 | Temple   | Entered the Ecumenical Temple
  6662 | Temple   | 6662 ||| PLANNING D:1-11
  6675 | Temple   | Became a worshipper of Warmaster Okawaru
  6758 | D:6      | 6758 ||| Stepping ~*~*~tactically~*~*~ (hiding).
  6785 | D:6      | Reached skill level 6 in Fighting
  6790 | D:6      | HP: 10/51 [iguana (4)]
  6791 | D:6      | 6791 ||| READING scroll of teleportation.
  6792 | D:6      | 6792 ||| DRINKING potion of heal wounds.
  7175 | D:6      | Reached skill level 6 in Armour
  7531 | D:6      | 7531 ||| READING scroll labelled CIHUP BUMOTO.
  7582 | D:7      | Reached XP level 9. HP: 44/55 MP: 9/9
  7664 | D:7      | Reached * piety under Okawaru
  7776 | D:7      | Reached skill level 1 in Invocations
  7816 | D:7      | 7816 ||| INVOKING Heroism.
  7874 | D:7      | 7874 ||| Stepping ~*~*~tactically~*~*~ (hiding).
  7875 | D:7      | 7875 ||| Stepping ~*~*~tactically~*~*~ (hiding).
  7881 | D:7      | 7881 ||| INVOKING Heroism.
  7889 | D:7      | Reached skill level 1 in Throwing
  7895 | D:7      | 7895 ||| INVOKING Heroism.
  8092 | D:7      | Reached skill level 9 in Axes
  8205 | D:7      | 8205 ||| INVOKING Heroism.
  8212 | D:7      | Reached skill level 3 in Invocations
  8259 | D:7      | Found a radiant altar of Vehumet.
  8265 | D:7      | Found a broken altar of Ashenzari.
  8281 | D:7      | 8281 ||| Stepping ~*~*~tactically~*~*~ (stealth).
  8283 | D:7      | 8283 ||| Stepping ~*~*~tactically~*~*~ (stealth).
  8292 | D:7      | 8292 ||| Stepping ~*~*~tactically~*~*~ (stealth).
  8307 | D:7      | 8307 ||| INVOKING Heroism.
  8469 | D:7      | Noticed a hornet
  8476 | D:7      | 8476 ||| INVOKING Heroism.
  8482 | D:7      | Killed a hornet
  8921 | D:7      | 8921 ||| DROPPING +0 chain mail.
  8922 | D:7      | 8922 ||| READING scroll labelled ZUOMNI DADO.
  8944 | D:8      | 8944 ||| STAIRDANCE
  8949 | D:8      | 8949 ||| STAIRDANCE
  8951 | D:7      | 8951 ||| INVOKING Heroism.
  9083 | D:8      | 9083 ||| INVOKING Heroism.
  9085 | D:8      | 9085 ||| Stepping ~*~*~tactically~*~*~ (cloud).
  9097 | D:8      | 9097 ||| Stepping ~*~*~tactically~*~*~ (cloud).
  9215 | D:8      | 9215 ||| Stepping ~*~*~tactically~*~*~ (hiding).
  9217 | D:8      | 9217 ||| INVOKING Heroism.
  9217 | D:8      | Noticed Pikel
  9236 | D:8      | 9236 ||| INVOKING Heroism.
  9262 | D:8      | Killed Pikel
  9262 | D:8      | Reached ** piety under Okawaru
  9263 | D:8      | Reached skill level 10 in Axes
  9263 | D:8      | Reached XP level 10. HP: 29/63 MP: 13/13
  9475 | D:8      | 9475 ||| Stepping ~*~*~tactically~*~*~ (stealth).
  9478 | D:8      | 9478 ||| INVOKING Heroism.
  9807 | D:8      | Found Wyfuf's Neck Hole.
  9815 | D:8      | 9815 ||| BUYING +0 cloak (67 gold).
  9815 | D:8      | Bought a +0 cloak for 67 gold pieces
  9815 | D:8      | 9815 ||| BUYING +1 cloak of poison resistance (202 gold).
  9815 | D:8      | Bought a +1 cloak of poison resistance for 202 gold pieces
  9815 | D:8      | 9815 ||| SHOPLISTING scarf of resistance (480 gold, have
                  | 211).
  9914 | D:8      | Found a staircase to the Lair.
 10132 | D:8      | 10132 ||| Stepping ~*~*~tactically~*~*~ (hiding).
 10134 | D:8      | 10134 ||| INVOKING Heroism.
 10458 | D:8      | 10458 ||| PLANNING LAIR
 10458 | D:8      | 10458 ||| UPGRADING to +0 cloak.
 10463 | D:8      | 10463 ||| UPGRADING to +1 cloak of poison resistance.
 10473 | D:8      | 10473 ||| DROPPING +0 cloak.
 10474 | D:8      | 10474 ||| DROPPING ring of flight.
 10475 | D:8      | 10475 ||| READING 5 scrolls of identify.
 10475 | D:8      | 10475 ||| IDENTIFYING clear potion
 10476 | D:8      | 10476 ||| DROPPING potion of degeneration.
 10559 | Lair:1   | Entered Level 1 of the Lair of Beasts
 10571 | Lair:1   | Noticed a cane toad
 10572 | Lair:1   | 10572 ||| INVOKING Heroism.
 10582 | Lair:1   | Killed a cane toad
 10706 | Lair:1   | 10706 ||| Stepping ~*~*~tactically~*~*~ (stealth).
 10711 | Lair:1   | 10711 ||| INVOKING Heroism.
 10720 | Lair:1   | Reached *** piety under Okawaru
 10758 | Lair:1   | Noticed a cane toad
 10759 | Lair:1   | 10759 ||| INVOKING Heroism.
 10770 | Lair:1   | Killed a cane toad
 10930 | Lair:1   | Noticed an orange demon
 10931 | Lair:1   | Noticed Amaemon
 10932 | Lair:1   | 10932 ||| INVOKING Heroism.
 10952 | Lair:1   | Killed Amaemon
 10955 | Lair:1   | Killed an orange demon
 11139 | Lair:1   | Noticed a cane toad
 11140 | Lair:1   | 11140 ||| INVOKING Heroism.
 11151 | Lair:1   | Killed a cane toad
 11152 | Lair:1   | Reached skill level 11 in Axes
 11152 | Lair:1   | Reached XP level 11. HP: 59/68 MP: 12/14
 11212 | Lair:1   | Noticed a boulder beetle
 11214 | Lair:1   | 11214 ||| INVOKING Heroism.
 11241 | Lair:1   | 11241 ||| INVOKING Heroism.
 11250 | Lair:1   | HP: 17/68 [boulder beetle (14)]
 11251 | Lair:1   | 11251 ||| READING 2 scrolls of teleportation.
 11255 | Lair:1   | Killed a boulder beetle
 11255 | Lair:1   | Reached **** piety under Okawaru
 11261 | Lair:1   | 11261 ||| Stepping ~*~*~tactically~*~*~ (stealth).
 11262 | Lair:1   | 11262 ||| Stepping ~*~*~tactically~*~*~ (stealth).
 11262 | Lair:1   | HP: 10/69 [yak (10)]
 11263 | Lair:1   | 11263 ||| READING scroll of teleportation.
 11265 | Lair:1   | 11265 ||| Stepping ~*~*~tactically~*~*~ (stealth).
 11266 | Lair:1   | 11266 ||| Stepping ~*~*~tactically~*~*~ (stealth).
 11640 | Lair:1   | 11640 ||| INVOKING Heroism.
 11653 | Lair:1   | Reached skill level 9 in Fighting
 11730 | Lair:1   | 11730 ||| INVOKING Heroism.
 11964 | Lair:1   | 11964 ||| INVOKING Heroism.
 11987 | Lair:1   | 11987 ||| Stepping ~*~*~tactically~*~*~ (stealth).
 11990 | Lair:1   | 11990 ||| INVOKING Heroism.
 12479 | Lair:1   | Received a gift from Okawaru
 12528 | Lair:2   | 12528 ||| INVOKING Heroism.
 12551 | Lair:2   | 12551 ||| INVOKING Heroism.
 12560 | Lair:2   | Reached skill level 6 in Invocations
 12566 | Lair:2   | Reached skill level 9 in Armour
 12722 | Lair:2   | 12722 ||| INVOKING Heroism.
 12734 | Lair:2   | 12734 ||| Stepping ~*~*~tactically~*~*~ (hiding).
 12825 | Lair:2   | 12825 ||| INVOKING Heroism.
 12858 | Lair:2   | 12858 ||| INVOKING Heroism.
 13024 | Lair:2   | Found a staircase to the Shoals.
 13027 | Lair:2   | 13027 ||| INVOKING Heroism.
 13060 | Lair:2   | 13060 ||| INVOKING Heroism.
 13115 | Lair:2   | 13115 ||| INVOKING Heroism.
 13122 | Lair:2   | 13122 ||| FLEEEEING.
 13123 | Lair:2   | 13123 ||| FLEEEEING.
 13124 | Lair:2   | 13124 ||| FLEEEEING.
 13125 | Lair:2   | 13125 ||| FLEEEEING.
 13126 | Lair:2   | 13126 ||| FLEEEEING.
 13127 | Lair:2   | 13127 ||| FLEEEEING.
 13132 | Lair:2   | Found a runed translucent door.
 13150 | Lair:2   | 13150 ||| Stepping ~*~*~tactically~*~*~ (stealth).
 13165 | Lair:2   | 13165 ||| FLEEEEING.
 13172 | Lair:2   | 13172 ||| FLEEEEING.
 13178 | Lair:2   | 13178 ||| STAIRDANCE
 13321 | Lair:1   | 13321 ||| READING scroll labelled JEGEES DA VESM.
 13327 | Lair:2   | Found a shimmering altar of Xom.
 13327 | Lair:2   | Noticed qw's ghost (journeyman MiBe)
 13510 | Lair:2   | 13510 ||| INVOKING Heroism.
 13687 | Lair:2   | 13687 ||| Stepping ~*~*~tactically~*~*~ (stealth).
 13819 | Lair:2   | Noticed a +1 halberd of chaos
 13901 | Lair:3   | 13901 ||| INVOKING Heroism.
 13916 | Lair:3   | 13916 ||| Stepping ~*~*~tactically~*~*~ (stealth).
 13930 | Lair:3   | 13930 ||| INVOKING Heroism.
 13934 | Lair:3   | Reached XP level 12. HP: 55/76 MP: 14/18
 13993 | Lair:3   | 13993 ||| FLEEEEING.
 13997 | Lair:3   | 13997 ||| FLEEEEING.
 14003 | Lair:3   | 14003 ||| STAIRDANCE
 14060 | Lair:3   | 14060 ||| INVOKING Heroism.
 14068 | Lair:3   | Reached skill level 12 in Axes
 14241 | Lair:3   | Reached skill level 3 in Throwing
 14290 | Lair:3   | Noticed a five-headed hydra
 14291 | Lair:3   | 14291 ||| INVOKING Heroism.
 14294 | Lair:3   | 14294 ||| SWAPPING to +2 morningstar of protection.
 14297 | Lair:3   | Noticed Sonja
 14301 | Lair:3   | Killed a five-headed hydra
 14302 | Lair:3   | 14302 ||| SWAPPING to +1 vorpal war axe.
 14329 | Lair:3   | Killed Sonja
 14329 | Lair:3   | Reached ***** piety under Okawaru
 14330 | Lair:3   | Reached skill level 9 in Invocations
 14520 | Lair:3   | 14520 ||| INVOKING Heroism.
 14615 | Lair:3   | Identified the +4 leather armour "Neskiyd" {rPois rN+
                  | Stlth+}
 14789 | Lair:3   | 14789 ||| Stepping ~*~*~tactically~*~*~ (stealth).
 14795 | Lair:3   | 14795 ||| INVOKING Heroism.
 14984 | Lair:3   | Found a staircase to the Snake Pit.
 15086 | Lair:3   | 15086 ||| Stepping ~*~*~tactically~*~*~ (stealth).
 15113 | Lair:3   | 15113 ||| Stepping ~*~*~tactically~*~*~ (stealth).
 15228 | Lair:3   | 15228 ||| INVOKING Heroism.
 15267 | Lair:3   | Noticed a death yak
 15267 | Lair:3   | Noticed a death yak
 15268 | Lair:3   | 15268 ||| INVOKING Finesse.
 15269 | Lair:3   | Noticed a death yak
 15274 | Lair:3   | Noticed a death yak
 15280 | Lair:3   | Killed a death yak
 15280 | Lair:3   | Identified the +1 pair of gloves of Responsibility {Contam
                  | rElec Regen+} (Okawaru gifted it to you on level 3 of the
                  | Lair of Beasts)
 15280 | Lair:3   | Received a gift from Okawaru
 15281 | Lair:3   | Reached skill level 6 in Shields
 15284 | Lair:3   | Killed a death yak
 15295 | Lair:3   | 15295 ||| INVOKING Heroism.
 15298 | Lair:3   | Killed a death yak
 15307 | Lair:3   | Killed a death yak
 15499 | Lair:3   | 15499 ||| INVOKING Heroism.
 15583 | Lair:3   | 15583 ||| INVOKING Heroism.
 15859 | Lair:3   | 15859 ||| UPGRADING to +1 pair of gloves of Responsibility
                  | {Contam rElec Regen+}.
 15869 | Lair:3   | 15869 ||| DROPPING +1 pair of gloves.
 15870 | Lair:3   | 15870 ||| DROPPING ring of magical power.
 15871 | Lair:3   | 15871 ||| READING scroll labelled DIBYOT FEONE.
 15872 | Lair:3   | 15872 ||| READING scroll labelled YPPIACVEZUA.
 15910 | Lair:4   | Noticed a six-headed hydra
 15911 | Lair:4   | 15911 ||| INVOKING Heroism.
 15912 | Lair:4   | 15912 ||| INVOKING Finesse.
 15913 | Lair:4   | 15913 ||| INVOKING Finesse.
 15914 | Lair:4   | 15914 ||| SWAPPING to +2 morningstar of protection.
 15921 | Lair:4   | Killed a six-headed hydra
 15922 | Lair:4   | 15922 ||| SWAPPING to +1 vorpal war axe.
 16032 | Lair:4   | 16032 ||| INVOKING Heroism.
 16044 | Lair:4   | Reached XP level 13. HP: 73/82 MP: 18/20
 16102 | Lair:4   | 16102 ||| INVOKING Heroism.
 16103 | Lair:4   | 16103 ||| INVOKING Finesse.
 16144 | Lair:4   | Reached skill level 13 in Axes
 16182 | Lair:4   | Found a staircase to the Slime Pits.
 16183 | Lair:4   | Found a viscous altar of Jiyva.
 16243 | Lair:4   | 16243 ||| Stepping ~*~*~tactically~*~*~ (stealth).
 16250 | Lair:4   | Received a gift from Okawaru
 16254 | Lair:4   | 16254 ||| Stepping ~*~*~tactically~*~*~ (stealth).
 16273 | Lair:4   | 16273 ||| INVOKING Heroism.
 16274 | Lair:4   | 16274 ||| INVOKING Finesse.
 16298 | Lair:4   | Received a gift from Okawaru
 16350 | Lair:4   | 16350 ||| INVOKING Heroism.
 16411 | Lair:4   | 16411 ||| Stepping ~*~*~tactically~*~*~ (stealth).
 16415 | Lair:4   | 16415 ||| INVOKING Heroism.
 16673 | Lair:4   | 16673 ||| Stepping ~*~*~tactically~*~*~ (hiding).
 16675 | Lair:4   | 16675 ||| Stepping ~*~*~tactically~*~*~ (hiding).
 16676 | Lair:4   | 16676 ||| Stepping ~*~*~tactically~*~*~ (hiding).
 16679 | Lair:4   | 16679 ||| INVOKING Heroism.
 16686 | Lair:4   | Received a gift from Okawaru
 16687 | Lair:4   | Reached skill level 14 in Axes
 16705 | Lair:4   | 16705 ||| SWAPPING to +2 vorpal broad axe.
 16706 | Lair:4   | 16706 ||| DROPPING +1 vorpal war axe.
 16713 | Lair:4   | 16713 ||| Stepping ~*~*~tactically~*~*~ (stealth).
 16722 | Lair:4   | 16722 ||| INVOKING Finesse.
 16723 | Lair:4   | 16723 ||| SWAPPING to +2 morningstar of protection.
 16730 | Lair:4   | 16730 ||| Stepping ~*~*~tactically~*~*~ (stealth).
 16734 | Lair:4   | 16734 ||| Stepping ~*~*~tactically~*~*~ (hiding).
 16735 | Lair:4   | 16735 ||| INVOKING Heroism.
 16738 | Lair:4   | 16738 ||| Stepping ~*~*~tactically~*~*~ (hiding).
 16739 | Lair:4   | 16739 ||| SWAPPING to +2 vorpal broad axe.
 16945 | Lair:4   | 16945 ||| READING scroll labelled FOGREL WIDA.
 16973 | Lair:5   | Entered Level 5 of the Lair of Beasts
 16974 | Lair:5   | 16974 ||| PLANNING GAUNTLET
 16976 | Lair:5   | 16976 ||| STAIRDANCE
 16986 | Lair:5   | 16986 ||| STAIRDANCE
 17041 | Lair:5   | 17041 ||| Stepping ~*~*~tactically~*~*~ (stealth).
 17043 | Lair:5   | 17043 ||| INVOKING Heroism.
 17151 | Lair:5   | 17151 ||| INVOKING Heroism.
 17152 | Lair:5   | 17152 ||| INVOKING Finesse.
 17158 | Lair:5   | 17158 ||| SWAPPING to +2 morningstar of protection.
 17163 | Lair:5   | 17163 ||| SWAPPING to +2 vorpal broad axe.
 17177 | Lair:5   | 17177 ||| Stepping ~*~*~tactically~*~*~ (stealth).
 17181 | Lair:5   | 17181 ||| Stepping ~*~*~tactically~*~*~ (stealth).
 17246 | Lair:5   | 17246 ||| INVOKING Heroism.
 17250 | Lair:5   | Noticed Kirke
 17251 | Lair:5   | 17251 ||| INVOKING Finesse.
 17263 | Lair:5   | Killed Kirke
 17263 | Lair:5   | Received a gift from Okawaru
 17264 | Lair:5   | Gained mutation: Your large and strong wings let you fly.
                  | [Gargoyle growth]
 17264 | Lair:5   | Reached XP level 14. HP: 90/90 MP: 14/21
 17292 | Lair:5   | 17292 ||| Stepping ~*~*~tactically~*~*~ (stealth).
 17293 | Lair:5   | 17293 ||| Stepping ~*~*~tactically~*~*~ (stealth).
 17346 | Lair:5   | 17346 ||| INVOKING Heroism.
 17347 | Lair:5   | 17347 ||| INVOKING Finesse.
 17358 | Lair:5   | Reached skill level 6 in Throwing
 17394 | Lair:5   | 17394 ||| Stepping ~*~*~tactically~*~*~ (stealth).
 17395 | Lair:5   | 17395 ||| Stepping ~*~*~tactically~*~*~ (stealth).
 17478 | Lair:5   | 17478 ||| INVOKING Heroism.
 17558 | Lair:5   | 17558 ||| INVOKING Heroism.
 17565 | Lair:5   | Received a gift from Okawaru
 17597 | Lair:5   | 17597 ||| INVOKING Heroism.
 17598 | Lair:5   | 17598 ||| INVOKING Finesse.
 17599 | Lair:5   | 17599 ||| SWAPPING to +2 morningstar of protection.
 17611 | Lair:5   | 17611 ||| SWAPPING to +2 vorpal broad axe.
 17642 | Lair:5   | 17642 ||| RIP GAUNTLET
 17647 | Lair:5   | 17647 ||| PLANNING LAIR
 17712 | Lair:5   | 17712 ||| READING scroll of enchant weapon.
 17712 | Lair:5   | 17712 ||| ENCHANTING +2 vorpal broad axe.
 17742 | Lair:5   | 17742 ||| INVOKING Heroism.
 17743 | Lair:5   | 17743 ||| INVOKING Finesse.
 17744 | Lair:5   | 17744 ||| SWAPPING to +2 morningstar of protection.
 17745 | Lair:5   | 17745 ||| Stepping ~*~*~tactically~*~*~ (outnumbered).
 17750 | Lair:5   | 17750 ||| SWAPPING to +3 vorpal broad axe.
 17798 | Lair:5   | 17798 ||| Stepping ~*~*~tactically~*~*~ (stealth).
 17799 | Lair:5   | 17799 ||| Stepping ~*~*~tactically~*~*~ (stealth).
 17800 | Lair:5   | 17800 ||| Stepping ~*~*~tactically~*~*~ (stealth).
 17818 | Lair:5   | 17818 ||| FLEEEEING.
 17819 | Lair:5   | 17819 ||| FLEEEEING.
 17834 | Lair:5   | 17834 ||| Stepping ~*~*~tactically~*~*~ (stealth).
 17841 | Lair:5   | Reached skill level 15 in Axes
 17933 | Lair:5   | 17933 ||| Stepping ~*~*~tactically~*~*~ (stealth).
 17936 | Lair:5   | 17936 ||| Stepping ~*~*~tactically~*~*~ (stealth).
 17937 | Lair:5   | 17937 ||| Stepping ~*~*~tactically~*~*~ (stealth).
 17942 | Lair:5   | 17942 ||| Stepping ~*~*~tactically~*~*~ (stealth).
 17944 | Lair:5   | 17944 ||| Stepping ~*~*~tactically~*~*~ (stealth).
 17946 | Lair:5   | 17946 ||| INVOKING Heroism.
 17950 | Lair:5   | Identified the +2 robe of the Farmer {+Inv rElec MP-9
                  | Stlth-} (Okawaru gifted it to you on level 5 of the Lair of
                  | Beasts)
 17950 | Lair:5   | Received a gift from Okawaru
 17986 | Lair:5   | Identified the +2 pair of boots "Zuro" {+Inv rC+++ Str-2
                  | Dex+2}
 18069 | Lair:5   | 18069 ||| INVOKING Heroism.
 18071 | Lair:5   | Noticed a quicksilver ooze
 18072 | Lair:5   | Noticed a quicksilver ooze
 18074 | Lair:5   | Killed a quicksilver ooze
 18086 | Lair:5   | Killed a quicksilver ooze
 18087 | Lair:5   | Noticed an acid blob
 18092 | Lair:5   | Killed an acid blob
 18093 | Lair:5   | Reached skill level 12 in Fighting
 18110 | Lair:5   | 18110 ||| Stepping ~*~*~tactically~*~*~ (stealth).
 18111 | Lair:5   | 18111 ||| Stepping ~*~*~tactically~*~*~ (stealth).
 18112 | Lair:5   | 18112 ||| Stepping ~*~*~tactically~*~*~ (stealth).
 18168 | Lair:5   | 18168 ||| Stepping ~*~*~tactically~*~*~ (stealth).
 18232 | Lair:5   | 18232 ||| Stepping ~*~*~tactically~*~*~ (stealth).
 18489 | Lair:5   | 18489 ||| FLEEEEING.
 18490 | Lair:5   | 18490 ||| FLEEEEING.
 18491 | Lair:5   | 18491 ||| FLEEEEING.
 18492 | Lair:5   | 18492 ||| FLEEEEING.
 18493 | Lair:5   | 18493 ||| FLEEEEING.
 18494 | Lair:5   | 18494 ||| FLEEEEING.
 18495 | Lair:5   | 18495 ||| FLEEEEING.
 18496 | Lair:5   | 18496 ||| FLEEEEING.
 18497 | Lair:5   | 18497 ||| FLEEEEING.
 18498 | Lair:5   | 18498 ||| FLEEEEING.
 18499 | Lair:5   | 18499 ||| FLEEEEING.
 18500 | Lair:5   | 18500 ||| FLEEEEING.
 18501 | Lair:5   | 18501 ||| FLEEEEING.
 18502 | Lair:5   | 18502 ||| FLEEEEING.
 18503 | Lair:5   | 18503 ||| FLEEEEING.
 18504 | Lair:5   | 18504 ||| FLEEEEING.
 18506 | Lair:5   | 18506 ||| INVOKING Heroism.
 18726 | Lair:5   | 18726 ||| PLANNING D:1-11
 18726 | Lair:5   | 18726 ||| UPGRADING to +1 pair of boots.
 18736 | Lair:5   | 18736 ||| DROPPING +0 pair of boots.
 18737 | Lair:5   | 18737 ||| UPGRADING to +2 pair of boots "Zuro" {+Inv rC+++
                  | Str-2 Dex+2}.
 18747 | Lair:5   | 18747 ||| DROPPING +1 pair of boots.
 18748 | Lair:5   | 18748 ||| READING 10 scrolls of identify.
 18748 | Lair:5   | 18748 ||| IDENTIFYING green potion
 18749 | Lair:5   | 18749 ||| READING 9 scrolls of identify.
 18749 | Lair:5   | 18749 ||| IDENTIFYING purple potion
 18750 | Lair:5   | 18750 ||| DROPPING potion of flight.
 18874 | D:9      | Found a flagged portal.
 18875 | D:9      | 18875 ||| INVOKING Heroism.
 18881 | D:9      | 18881 ||| STAIRDANCE
 19145 | D:9      | Found a runed translucent gate.
 19145 | D:9      | Found a runed translucent gate.
 19145 | D:9      | Found a runed translucent gate.
 19148 | D:9      | Noticed qw's ghost (novice GrFi)
 19325 | D:9      | Found a viscous altar of Jiyva.
 19421 | D:9      | 19421 ||| READING 9 scrolls of identify.
 19421 | D:9      | 19421 ||| IDENTIFYING lumpy yellow potion
 19440 | D:10     | Entered Level 10 of the Dungeon
 19477 | D:10     | Noticed Maurice
 19478 | D:10     | 19478 ||| Stepping ~*~*~tactically~*~*~ (hiding).
 19487 | D:10     | Killed Maurice
 19552 | D:10     | Noticed Josephine
 19553 | D:10     | 19553 ||| INVOKING Heroism.
 19565 | D:10     | Killed Josephine
 19566 | D:10     | Reached skill level 3 in Dodging
 19600 | D:10     | 19600 ||| READING scroll of enchant weapon.
 19600 | D:10     | 19600 ||| ENCHANTING +3 vorpal broad axe.
 19674 | D:10     | Reached skill level 12 in Armour
 19797 | D:10     | 19797 ||| Stepping ~*~*~tactically~*~*~ (stealth).
 20076 | D:10     | 20076 ||| UPGRADING to amulet of reflection.
 20104 | D:11     | 20104 ||| INVOKING Heroism.
 20105 | D:11     | 20105 ||| INVOKING Finesse.
 20106 | D:11     | 20106 ||| SWAPPING to +2 morningstar of protection.
 20113 | D:11     | 20113 ||| SWAPPING to +4 vorpal broad axe.
 20171 | D:11     | 20171 ||| INVOKING Heroism.
 20172 | D:11     | 20172 ||| INVOKING Finesse.
 20173 | D:11     | 20173 ||| SWAPPING to +2 morningstar of protection.
 20174 | D:11     | 20174 ||| SWAPPING to +4 vorpal broad axe.
 20176 | D:11     | 20176 ||| SWAPPING to +2 morningstar of protection.
 20188 | D:11     | 20188 ||| SWAPPING to +4 vorpal broad axe.
 20230 | D:11     | 20230 ||| INVOKING Heroism.
 20231 | D:11     | 20231 ||| INVOKING Finesse.
 20321 | D:11     | Found a broken altar of Ashenzari.
 20340 | D:11     | 20340 ||| INVOKING Heroism.
 20346 | D:11     | 20346 ||| Stepping ~*~*~tactically~*~*~ (stealth).
 20354 | D:11     | Received a gift from Okawaru
 20361 | D:11     | Reached XP level 15. HP: 65/96 MP: 22/22
 20545 | D:11     | Received a gift from Okawaru
 20772 | D:11     | 20772 ||| PLANNING D
 20772 | D:11     | 20772 ||| UPGRADING to +4 ring of protection.
 20774 | D:11     | 20774 ||| READING 12 scrolls of identify.
 20774 | D:11     | 20774 ||| IDENTIFYING bubbling golden potion
 20796 | D:12     | 20796 ||| INVOKING Heroism.
 20801 | D:12     | 20801 ||| Stepping ~*~*~tactically~*~*~ (stealth).
 20802 | D:12     | 20802 ||| Stepping ~*~*~tactically~*~*~ (stealth).
 20812 | D:12     | 20812 ||| Stepping ~*~*~tactically~*~*~ (stealth).
 20813 | D:12     | 20813 ||| STAIRDANCE
 20825 | D:12     | 20825 ||| INVOKING Finesse.
 20830 | D:12     | 20830 ||| Stepping ~*~*~tactically~*~*~ (stealth).
 20831 | D:12     | 20831 ||| SWAPPING to +2 morningstar of protection.
 20832 | D:12     | 20832 ||| Stepping ~*~*~tactically~*~*~ (outnumbered).
 20838 | D:12     | 20838 ||| Stepping ~*~*~tactically~*~*~ (outnumbered).
 20840 | D:12     | 20840 ||| Stepping ~*~*~tactically~*~*~ (outnumbered).
 20841 | D:12     | 20841 ||| INVOKING Heroism.
 20844 | D:12     | 20844 ||| SWAPPING to +4 vorpal broad axe.
 20869 | D:12     | 20869 ||| Stepping ~*~*~tactically~*~*~ (stealth).
 20889 | D:12     | Found a staircase to the Orcish Mines.
 20916 | D:12     | Noticed Frances
 20917 | D:12     | 20917 ||| INVOKING Heroism.
 20924 | D:12     | Killed Frances
 20925 | D:12     | Reached skill level 16 in Axes
 20979 | D:12     | 20979 ||| Stepping ~*~*~tactically~*~*~ (stealth).
 20995 | D:12     | 20995 ||| Stepping ~*~*~tactically~*~*~ (stealth).
 21044 | D:12     | 21044 ||| Stepping ~*~*~tactically~*~*~ (stealth).
 21049 | D:12     | 21049 ||| Stepping ~*~*~tactically~*~*~ (stealth).
 21057 | D:12     | 21057 ||| Stepping ~*~*~tactically~*~*~ (stealth).
 21063 | D:12     | 21063 ||| Stepping ~*~*~tactically~*~*~ (stealth).
 21066 | D:12     | 21066 ||| INVOKING Heroism.
 21090 | D:12     | 21090 ||| INVOKING Finesse.
 21582 | D:12     | 21582 ||| UPGRADING to +4 ring of slaying {mikee}.
 21584 | D:12     | 21584 ||| DROPPING ring of resist corrosion.
 21585 | D:12     | 21585 ||| READING 13 scrolls of identify.
 21585 | D:12     | 21585 ||| IDENTIFYING glowing inky potion
 21631 | D:13     | 21631 ||| READING scroll of enchant armour.
 21631 | D:13     | 21631 ||| ENCHANTING +0 helmet.
 21743 | D:13     | 21743 ||| Stepping ~*~*~tactically~*~*~ (hiding).
 22132 | D:13     | 22132 ||| Stepping ~*~*~tactically~*~*~ (hiding).
 22133 | D:13     | 22133 ||| INVOKING Heroism.
 22138 | D:13     | 22138 ||| READING 2 scrolls of teleportation.
 22240 | D:13     | 22240 ||| INVOKING Heroism.
 22250 | D:13     | Received a gift from Okawaru
 22255 | D:13     | 22255 ||| DROPPING +0 war axe of draining.
 22319 | D:13     | 22319 ||| READING 13 scrolls of identify.
 22319 | D:13     | 22319 ||| IDENTIFYING white potion
 22320 | D:13     | 22320 ||| DROPPING potion of berserk rage.
 22353 | D:14     | 22353 ||| Stepping ~*~*~tactically~*~*~ (stealth).
 22361 | D:14     | 22361 ||| Stepping ~*~*~tactically~*~*~ (stealth).
 22460 | D:14     | You are sucked into a shaft and drop 1 floor!
 22460 | D:15     | Entered Level 15 of the Dungeon
 22514 | D:15     | 22514 ||| Stepping ~*~*~tactically~*~*~ (stealth).
 22516 | D:15     | 22516 ||| Stepping ~*~*~tactically~*~*~ (hiding).
 22526 | D:15     | 22526 ||| INVOKING Heroism.
 22595 | D:15     | Noticed a sphinx
 22596 | D:15     | Noticed a tengu reaver
 22597 | D:15     | 22597 ||| INVOKING Heroism.
 22602 | D:15     | Received a gift from Okawaru
 22602 | D:15     | Killed a sphinx
 22611 | D:15     | Killed a tengu reaver
 22678 | D:15     | Noticed Louise
 22679 | D:15     | 22679 ||| INVOKING Heroism.
 22680 | D:15     | 22680 ||| INVOKING Finesse.
 22695 | D:15     | Killed Louise
 22696 | D:15     | Reached skill level 17 in Axes
 22771 | D:15     | 22771 ||| INVOKING Heroism.
 22826 | D:15     | 22826 ||| INVOKING Heroism.
 22836 | D:15     | Received a gift from Okawaru
 22843 | D:15     | Received a gift from Okawaru
 22850 | D:15     | 22850 ||| Stepping ~*~*~tactically~*~*~ (hiding).
 22864 | D:15     | 22864 ||| Stepping ~*~*~tactically~*~*~ (stealth).
 22900 | D:15     | 22900 ||| INVOKING Heroism.
 22923 | D:15     | 22923 ||| Stepping ~*~*~tactically~*~*~ (hiding).
 22929 | D:15     | Reached XP level 16. HP: 75/104 MP: 23/23
 22929 | D:15     | 22929 ||| Stepping ~*~*~tactically~*~*~ (hiding).
 22933 | D:15     | 22933 ||| Stepping ~*~*~tactically~*~*~ (hiding).
 22940 | D:15     | Noticed a tengu reaver
 22941 | D:15     | 22941 ||| Stepping ~*~*~tactically~*~*~ (hiding).
 22949 | D:15     | 22949 ||| INVOKING Heroism.
 22957 | D:15     | Killed a tengu reaver
 22964 | D:15     | 22964 ||| INVOKING Finesse.
 23010 | D:15     | 23010 ||| READING 3 scrolls of enchant armour.
 23010 | D:15     | 23010 ||| ENCHANTING +1 helmet.
 23011 | D:15     | 23011 ||| READING 2 scrolls of enchant armour.
 23011 | D:15     | 23011 ||| ENCHANTING +1 cloak of poison resistance.
 23021 | D:15     | 23021 ||| SWAPPING to +5 broad axe of freezing.
 23022 | D:15     | 23022 ||| DROPPING +4 vorpal broad axe.
 23053 | D:15     | 23053 ||| Stepping ~*~*~tactically~*~*~ (hiding).
 23055 | D:15     | 23055 ||| Stepping ~*~*~tactically~*~*~ (hiding).
 23059 | D:15     | 23059 ||| INVOKING Heroism.
 23205 | D:15     | 23205 ||| Stepping ~*~*~tactically~*~*~ (hiding).
 23207 | D:15     | 23207 ||| Stepping ~*~*~tactically~*~*~ (hiding).
 23351 | D:15     | 23351 ||| INVOKING Heroism.
 23352 | D:15     | 23352 ||| INVOKING Finesse.
 23354 | D:15     | 23354 ||| SWAPPING to +2 morningstar of protection.
 23365 | D:15     | 23365 ||| SWAPPING to +5 broad axe of freezing.
 23415 | D:15     | 23415 ||| INVOKING Heroism.
 23423 | D:15     | 23423 ||| INVOKING Finesse.
 23425 | D:15     | 23425 ||| SWAPPING to +2 morningstar of protection.
 23426 | D:15     | 23426 ||| Stepping ~*~*~tactically~*~*~ (outnumbered).
 23427 | D:15     | 23427 ||| Stepping ~*~*~tactically~*~*~ (outnumbered).
 23428 | D:15     | 23428 ||| Stepping ~*~*~tactically~*~*~ (outnumbered).
 23429 | D:15     | 23429 ||| Stepping ~*~*~tactically~*~*~ (outnumbered).
 23451 | D:15     | Received a gift from Okawaru
 23452 | D:15     | 23452 ||| SWAPPING to +5 broad axe of freezing.
 23453 | D:15     | HP: 17/104 [skeletal warrior/+0 mace (16)]
 23454 | D:15     | 23454 ||| READING 2 scrolls of teleportation.
 23455 | D:15     | 23455 ||| DRINKING 3 potions of heal wounds.
 23553 | D:15     | 23553 ||| Stepping ~*~*~tactically~*~*~ (hiding).
 23554 | D:15     | 23554 ||| Stepping ~*~*~tactically~*~*~ (hiding).
 23576 | D:15     | 23576 ||| DROPPING amulet of the acrobat.
 23577 | D:15     | 23577 ||| Stepping ~*~*~tactically~*~*~ (cloud).
 23609 | D:15     | Found Qazaitt's Armour Boutique.
 23621 | D:15     | 23621 ||| BUYING +0 chain mail of fire resistance (161
                  | gold).
 23621 | D:15     | Bought a +0 chain mail of fire resistance for 161 gold
                  | pieces
 23694 | D:15     | 23694 ||| UPGRADING to +0 tower shield.
 23704 | D:15     | 23704 ||| DROPPING +0 buckler.
 23705 | D:15     | 23705 ||| DROPPING ring of positive energy.
 23807 | D:14     | Identified the +8 war axe of Ignis {protect, rC- Dex+3}
 23811 | D:14     | Found a gate to the Vaults.
 24012 | D:14     | Reached skill level 9 in Shields
 24043 | D:14     | 24043 ||| Stepping ~*~*~tactically~*~*~ (hiding).
 24098 | D:14     | 24098 ||| READING scroll of acquirement.
 24098 | D:14     | 24098 ||| ACQUIRING +5 crystal plate armour of the
                  | Ditch-Digger {Drain rPois rF++ Regen+}
 24098 | D:14     | Acquired the +5 crystal plate armour of the Ditch-Digger
                  | {Drain rPois rF++ Regen+}
 24100 | D:14     | 24100 ||| DROPPING +0 plate armour.
 24477 | D:14     | 24477 ||| UPGRADING to +5 crystal plate armour of the
                  | Ditch-Digger {Drain rPois rF++ Regen+}.
 24487 | D:14     | 24487 ||| DROPPING +1 plate armour "Diomeser" {Rampage rF-
                  | rN+ Will++}.
 24488 | D:14     | 24488 ||| DROPPING +0 chain mail of fire resistance.
 24516 | D:15     | 24516 ||| Stepping ~*~*~tactically~*~*~ (stealth).
 24707 | D:15     | 24707 ||| INVOKING Heroism.
 24710 | D:15     | 24710 ||| Stepping ~*~*~tactically~*~*~ (stealth).
 24747 | D:15     | Found a staircase to the Depths.
 24837 | D:15     | 24837 ||| PLANNING ORC
 24966 | Orc:1    | Entered Level 1 of the Orcish Mines
 24997 | Orc:1    | 24997 ||| Stepping ~*~*~tactically~*~*~ (stealth).
 24999 | Orc:1    | 24999 ||| Stepping ~*~*~tactically~*~*~ (hiding).
 25005 | Orc:1    | 25005 ||| INVOKING Heroism.
 25006 | Orc:1    | Paralysed by an orc sorcerer for 3 turns
 25012 | Orc:1    | 25012 ||| Stepping ~*~*~tactically~*~*~ (stealth).
 25094 | Orc:1    | 25094 ||| Stepping ~*~*~tactically~*~*~ (hiding).
 25101 | Orc:1    | 25101 ||| INVOKING Heroism.
 25105 | Orc:1    | 25105 ||| Stepping ~*~*~tactically~*~*~ (stealth).
 25119 | Orc:1    | 25119 ||| Stepping ~*~*~tactically~*~*~ (hiding).
 25120 | Orc:1    | 25120 ||| Stepping ~*~*~tactically~*~*~ (hiding).
 25126 | Orc:1    | 25126 ||| Stepping ~*~*~tactically~*~*~ (hiding).
 25129 | Orc:1    | 25129 ||| INVOKING Heroism.
 25208 | Orc:1    | 25208 ||| Stepping ~*~*~tactically~*~*~ (hiding).
 25209 | Orc:1    | 25209 ||| Stepping ~*~*~tactically~*~*~ (hiding).
 25358 | Orc:1    | 25358 ||| INVOKING Heroism.
 25420 | Orc:1    | 25420 ||| Stepping ~*~*~tactically~*~*~ (hiding).
 25439 | Orc:1    | 25439 ||| Stepping ~*~*~tactically~*~*~ (stealth).
 25475 | Orc:1    | 25475 ||| INVOKING Heroism.
 25510 | Orc:1    | 25510 ||| INVOKING Heroism.
 25633 | Orc:2    | Entered Level 2 of the Orcish Mines
 25634 | Orc:2    | 25634 ||| INVOKING Heroism.
 25635 | Orc:2    | 25635 ||| STAIRDANCE
 25647 | Orc:2    | 25647 ||| STAIRDANCE
 25655 | Orc:2    | Found a staircase to the Elven Halls.
 25744 | Orc:2    | 25744 ||| Stepping ~*~*~tactically~*~*~ (stealth).
 25745 | Orc:2    | 25745 ||| Stepping ~*~*~tactically~*~*~ (stealth).
 25751 | Orc:2    | Received a gift from Okawaru
 25825 | Orc:2    | 25825 ||| Stepping ~*~*~tactically~*~*~ (stealth).
 25827 | Orc:2    | 25827 ||| Stepping ~*~*~tactically~*~*~ (stealth).
 25828 | Orc:2    | 25828 ||| INVOKING Heroism.
 25911 | Orc:2    | 25911 ||| Stepping ~*~*~tactically~*~*~ (hiding).
 25914 | Orc:2    | 25914 ||| Stepping ~*~*~tactically~*~*~ (stealth).
 25929 | Orc:2    | 25929 ||| Stepping ~*~*~tactically~*~*~ (hiding).
 25931 | Orc:2    | 25931 ||| Stepping ~*~*~tactically~*~*~ (hiding).
 25932 | Orc:2    | 25932 ||| INVOKING Heroism.
 26009 | Orc:2    | 26009 ||| Stepping ~*~*~tactically~*~*~ (stealth).
 26010 | Orc:2    | 26010 ||| Stepping ~*~*~tactically~*~*~ (stealth).
 26015 | Orc:2    | 26015 ||| INVOKING Heroism.
 26021 | Orc:2    | Found Erolluo's Distillery.
 26048 | Orc:2    | 26048 ||| BUYING potion of attraction (39 gold).
 26048 | Orc:2    | Bought a potion of attraction for 39 gold pieces
 26048 | Orc:2    | 26048 ||| BUYING potion of cancellation (104 gold).
 26048 | Orc:2    | Bought a potion of cancellation for 104 gold pieces
 26048 | Orc:2    | 26048 ||| BUYING potion of curing (39 gold).
 26048 | Orc:2    | Bought a potion of curing for 39 gold pieces
 26048 | Orc:2    | 26048 ||| BUYING potion of curing (39 gold).
 26048 | Orc:2    | Bought a potion of curing for 39 gold pieces
 26048 | Orc:2    | 26048 ||| BUYING potion of haste (130 gold).
 26048 | Orc:2    | Bought a potion of haste for 130 gold pieces
 26048 | Orc:2    | 26048 ||| BUYING potion of haste (130 gold).
 26048 | Orc:2    | Bought a potion of haste for 130 gold pieces
 26048 | Orc:2    | 26048 ||| BUYING potion of heal wounds (65 gold).
 26048 | Orc:2    | Bought a potion of heal wounds for 65 gold pieces
 26048 | Orc:2    | 26048 ||| BUYING potion of lignification (39 gold).
 26048 | Orc:2    | Bought a potion of lignification for 39 gold pieces
 26048 | Orc:2    | 26048 ||| BUYING potion of magic (104 gold).
 26048 | Orc:2    | Bought a potion of magic for 104 gold pieces
 26053 | Orc:2    | Found Kazxefad's Armour Shoppe.
 26054 | Orc:2    | 26054 ||| INVOKING Heroism.
 26071 | Orc:2    | 26071 ||| BUYING +3 pair of gauntlets of War {Slay+5} (712
                  | gold).
 26071 | Orc:2    | Bought the +3 pair of gauntlets of War {Slay+5} for 712
                  | gold pieces
 26071 | Orc:2    | Found the +3 pair of gauntlets of War {Slay+5}
 26148 | Orc:2    | 26148 ||| Stepping ~*~*~tactically~*~*~ (hiding).
 26159 | Orc:2    | 26159 ||| Stepping ~*~*~tactically~*~*~ (stealth).
 26161 | Orc:2    | 26161 ||| Stepping ~*~*~tactically~*~*~ (hiding).
 26174 | Orc:2    | 26174 ||| Stepping ~*~*~tactically~*~*~ (stealth).
 26177 | Orc:2    | 26177 ||| Stepping ~*~*~tactically~*~*~ (stealth).
 26181 | Orc:2    | 26181 ||| INVOKING Heroism.
 26186 | Orc:2    | 26186 ||| Stepping ~*~*~tactically~*~*~ (stealth).
 26200 | Orc:2    | Received a gift from Okawaru
 26221 | Orc:2    | 26221 ||| INVOKING Heroism.
 26280 | Orc:2    | Found Wuniddes's Jewellery Shoppe.
 26280 | Orc:2    | Found Ypsepuwu's Book Shop.
 26286 | Orc:2    | 26286 ||| SHOPLISTING ring "Kusitz" {rElec rF+ rC+ Dex+4
                  | Slay+4} (1650 gold, have 717).
 26286 | Orc:2    | 26286 ||| BUYING ring of fire (375 gold).
 26286 | Orc:2    | Bought a ring of fire for 375 gold pieces
 26427 | Orc:2    | 26427 ||| INVOKING Heroism.
 26456 | Orc:2    | 26456 ||| Stepping ~*~*~tactically~*~*~ (stealth).
 26458 | Orc:2    | 26458 ||| Stepping ~*~*~tactically~*~*~ (hiding).
 26673 | Orc:2    | 26673 ||| PLANNING SHOALS:1-3
 26673 | Orc:2    | 26673 ||| UPGRADING to +3 pair of gauntlets of War
                  | {Slay+5}.
 26683 | Orc:2    | 26683 ||| DROPPING +1 pair of gloves of Responsibility
                  | {Contam rElec Regen+}.
 26828 | Shoals:1 | Entered Level 1 of the Shoals
 26829 | Shoals:1 | 26829 ||| INVOKING Heroism.
 26838 | Shoals:1 | Reached skill level 12 in Shields
 26838 | Shoals:1 | 26838 ||| INVOKING Finesse.
 26910 | Shoals:1 | 26910 ||| INVOKING Heroism.
 26947 | Shoals:1 | Reached XP level 17. HP: 65/108 MP: 24/24
 26947 | Shoals:1 | Received a gift from Okawaru
 26955 | Shoals:1 | HP: 26/108 [snapping turtle (13)]
 26956 | Shoals:1 | 26956 ||| READING scroll of teleportation.
 26956 | Shoals:1 | HP: 12/108 [merfolk/+0 trident[a merfolk impaler] (15)]
 26956 | Shoals:1 | Slain by a snapping turtle

Levels and vault maps discovered:
D:1:      giann_forest_graveyard, layout_basic, shapermc_ecumenical_altar_petra,
          chequers_serial_rivers_small_b
D:2:      kennysheep_the_goblin_king, layout_basic, basic_altar,
          minmay_tromino_v7, uniq_crazy_yiuf_cottage, uniq_robin
D:3:      layout_loops_ring, nicolae_qazlal_style_of_elements,
          hangedman_decor_points
D:4:      layout_basic, elyvilon_altar_5, minmay_circle_x
D:5:      layout_layer_cave
D:6:      layout_loops_ring, minmay_temple_entry_sparse_star,
          minmay_manual_moon, uniq_menkaure
D:7:      layout_gridville, amethyst_overflow_temple_binary, kennysheep_nub,
          nrook_loot_triangle
D:8:      layout_layer_cave, lair_entry_dummy,
          nicolae_shop_sticking_my_neck_out, uniq_pikel
D:9:      layout_long_grid, enter_bailey_5, gammafunk_ghost_ooze,
          kennysheep_flooded_box, nicolae_water_bricks
D:10:     layout_loops_ring, uniq_maurice, uniq_josephine
D:11:     layout_rooms, ashenzari_altar_1
D:12:     layout_rooms, zombieorc2_lemuel, serial_demonic, serial_demonic_b,
          serial_demonic_b, serial_demonic_d, serial_demonic_b,
          serial_demonic_g, serial_demonic_f, serial_demonic_b,
          serial_demonic_g, uniq_frances
D:13:     layout_irregular_city
D:14:     layout_roguey, erik_vaults_1, serial_bayou, serial_bayou_shore_a,
          serial_bayou_crossing, serial_bayou_lagoon_a, serial_bayou_ford_a,
          wad_mini_maze
D:15:     gammafunk_enter_depths_forms, layout_irregular_city,
          minmay_crystal_water, serial_shops, shop_statue,
          nicolae_rejected_hall, uniq_louise
Temple:   nicolae_temple_bog_church
Lair:1:   layout_layer_cave, uniq_amaemon
Lair:2:   dpeg_oklob_shooting_range, layout_regular_city, shoals_dummy_entry,
          ebering_ghost_xom, nicolae_lair_liquid_snakes
Lair:3:   layout_gridlike, minmay_snake_entry_six_corridors,
          infiniplex_staircase_pool, uniq_sonja
Lair:4:   layout_roguey, minmay_slime_entry_pillars, nicolae_lair_lindhole
Lair:5:   hangedman_lair_tendril_chambers, layout_cave_pods,
          gauntlet_entry_generic, special_room [special_room_jelly], uniq_kirke
Shoals:1: layout_shoals, serial_nicolae_subway, nicolae_sub_station_metal,
          nicolae_sub_station_stone, nicolae_sub_station_crystal
Orc:1:    nicolae_orc_accident_1, layout_diamond_mine
Orc:2:    st_orc_town, layout_diamond_mine

Skill      XL: |  1  2  3  4  5  6  7  8  9 10 11 12 13 14 15 16 |
---------------+-------------------------------------------------+-----
Axes           | 2 3 4 5 6 7 8 10 11 12 14 15 17 | 17.8
Fighting       | 4 5 6 7 8 9 10 11 12 13 | 13.0
Armour         | 4 5 6 8 9 11 12 13 | 13.1
Dodging        | 1 2 3 |  3.3
Invocations    | 4 8 10 | 10.1
Throwing       | 1 2 5 6 7 |  7.0
Shields        | 4 5 6 7 8 13 | 13.1

Action                   |  1- 3 |  4- 6 |  7- 9 | 10-12 | 13-15 | 16-18 || total
-------------------------+-------+-------+-------+-------+-------+-------++-------
Melee: War axe           |   106 |   249 |   350 |   576 |   149 |       ||  1430
       Morningstar       |       |       |       |    11 |    47 |    31 ||    89
       Broad axe         |       |       |       |       |   677 |   470 ||  1147
Throw: Boomerang         |       |       |     8 |    97 |    59 |     2 ||   166
       Javelin           |       |       |       |    31 |   125 |    52 ||   208
Invok: Heroism           |       |       |    10 |    34 |    35 |    21 ||   100
       Finesse           |       |       |       |     2 |    14 |     4 ||    20
  Use: Scroll            |     3 |    12 |     6 |     6 |    11 |     5 ||    43
       Potion            |       |     1 |     1 |       |       |     1 ||     3
 Stab: Distracted        |       |       |       |     1 |       |       ||     1
       Petrified         |       |       |       |       |     2 |       ||     2
Armor: Scale mail        |    62 |    71 |       |       |       |       ||   133
       Plate armour      |       |   117 |   340 |   352 |   500 |   137 ||  1446
       Crystal plate arm |       |       |       |       |       |   171 ||   171
Dodge: Dodged            |    58 |    80 |   122 |   183 |   228 |    82 ||   753
Block: Buckler           |    13 |    33 |    87 |   110 |   244 |    75 ||   562
       Reflection        |       |       |       |       |    14 |    26 ||    40
       Tower shield      |       |       |       |       |       |   369 ||   369

Table legend:
 A = Non-vault XP
 B = Vault XP
 C = Vault XP percentage of total XP
 D = Non-vault monster count
 E = Vault monster count
 F = Vault count percentage of total count
                 A         B        C        D         E       F
            +---------+---------+-------+---------+---------+-------
      Total |  110444 |   72638 |  39.7 |     509 |     291 |  36.4
            +---------+---------+-------+---------+---------+-------
        D:1 |      19 |       0 |   0.0 |      11 |       0 |   0.0
        D:2 |      73 |      56 |  43.4 |      13 |      23 |  63.9
        D:3 |      74 |       0 |   0.0 |      18 |       0 |   0.0
        D:4 |     129 |      26 |  16.8 |      21 |       6 |  22.2
        D:5 |     515 |     261 |  33.6 |      35 |       4 |  10.3
        D:6 |    1001 |     172 |  14.7 |      24 |       1 |   4.0
        D:7 |    1854 |       0 |   0.0 |      31 |       0 |   0.0
        D:8 |     943 |     687 |  42.1 |      19 |       2 |   9.5
        D:9 |    1434 |       6 |   0.4 |       5 |       3 |  37.5
       D:10 |    1731 |    2019 |  53.8 |      19 |       5 |  20.8
       D:11 |    8382 |     214 |   2.5 |      13 |       1 |   7.1
       D:12 |    4638 |    4004 |  46.3 |      13 |      45 |  77.6
       D:13 |    5097 |       0 |   0.0 |      10 |       0 |   0.0
       D:14 |    4088 |    4171 |  50.5 |      15 |       5 |  25.0
       D:15 |   15680 |   29581 |  65.4 |      35 |      44 |  55.7
     Lair:1 |    5604 |    1153 |  17.1 |      20 |       2 |   9.1
     Lair:2 |    4375 |     616 |  12.3 |      19 |      10 |  34.5
     Lair:3 |   10374 |    2577 |  19.9 |      33 |      11 |  25.0
     Lair:4 |   14422 |    2853 |  16.5 |      28 |       8 |  22.2
     Lair:5 |   11837 |   16460 |  58.2 |      31 |      55 |  64.0
   Shoals:1 |   13074 |       0 |   0.0 |      23 |       0 |   0.0
      Orc:1 |    3163 |     539 |  14.6 |      45 |       4 |   8.2
      Orc:2 |    1937 |    7243 |  78.9 |      28 |      62 |  68.9
            +---------+---------+-------+---------+---------+-------
